 Dungeon Crawl Stone Soup version 0.30.1-4-g462c640d31 (webtiles) character file.

Game seed: 5092217190934649999

134092 wingedge the Spear-Bearer (level 16, -4/137 HPs)
             Began as a Demigod Ice Elementalist on Aug 23, 2023.
             Slain by a pharaoh ant (9 damage)
             ... while paralysed by a jorogumo
             ... on level 3 of the Spider Nest on Aug 24, 2023.
             The game lasted 02:45:41 (33225 turns).

wingedge the Spear-Bearer (DgIE)                   Turns: 33225, Time: 02:45:41

Health: -4/137     AC: 29    Str: 19    XL:     16   Next: 12%
Magic:  18/33      EV:  2    Int: 33    God:
Gold:   958        SH:  0    Dex: 13    Spells: 5/33 levels left

rFire   + . .        a - +7 spear "Hell-Harrower" {heavy, rElec Will+ Dex+4}
rCold   x . .        A - +3 buckler {rPois}
rNeg    + + +        H - +8 pearl dragon scales of Cairr {rN+ Str+6 Dex-5 Slay-3 Stlth+}
rPois   +            o - +2 helmet of Narcissism {SInv}
rElec   +            r - scarf {repulsion}
rCorr   +            v - +2 pair of gloves "Voicorr" {rN++ rCorr}
SInv    +            K - +0 pair of boots
Will    +++..        j - amulet "Nosanez" {Rampage Will+ Regen+ Stlth+}
Stlth   +++          n - ring of wizardry
HPRegen 1.22/turn    p - ring of fire
MPRegen 0.23/turn

%: repel missiles, rampage, wizardry (x1)
@: paralysed, lethally poisoned (-4 -> -16), slowed
A: high MP 1, forlorn, divine attributes
a: no special abilities


You were on level 3 of the Spider Nest.
You visited 4 branches of the dungeon, and saw 25 of its levels.
You also visited: Gauntlet.

You collected 2687 gold pieces.
You spent 1729 gold pieces at shops.

Inventory:

Hand Weapons
 a - the +7 spear "Hell-Harrower" (weapon) {heavy, rElec Will+ Dex+4}
   (You found it on level 4 of the Dungeon)

   Dex:       It affects your dexterity (+4).
   rElec:     It insulates you from electricity.
   Will:      It increases your willpower.
Missiles
 e - a curare-tipped dart
Armour
 o - the +2 helmet of Narcissism (worn) {SInv}
   (You acquired it on level 2 of the Spider Nest)

   SInv:      It lets you see invisible.
 r - a scarf of repulsion (worn)
 v - the +2 pair of gloves "Voicorr" (worn) {rN++ rCorr}
   (You found it in a Gauntlet)

   rN:        It greatly protects you from negative energy.
   rCorr:     It protects you from acid and corrosion.
 A - a +3 buckler of poison resistance (worn)
 H - the +8 pearl dragon scales of Cairr (worn) {rN+ Str+6 Dex-5 Slay-3 Stlth+}
   (You found it on level 9 of the Dungeon)

   Str:       It affects your strength (+6).
   Dex:       It affects your dexterity (-5).
   Slay:      It affects your accuracy & damage with ranged weapons and melee
   (-3).
   rN:        It protects you from negative energy.
   Stlth:     It makes you more stealthy.
 K - a +0 pair of boots (worn)
 S - the +1 hat of Gyfaing {rElec rF+ rN+ Int+3}
   (You found it on level 4 of the Lair of Beasts)

   Int:       It affects your intelligence (+3).
   rF:        It protects you from fire.
   rElec:     It insulates you from electricity.
   rN:        It protects you from negative energy.
Jewellery
 d - a +5 ring of evasion
 i - an amulet of reflection
 j - the amulet "Nosanez" (around neck) {Rampage Will+ Regen+ Stlth+}
   (You acquired it on level 5 of the Dungeon)

   [amulet of regeneration]

   Regen:     It increases your rate of health regeneration.
   Rampage:   It bestows one free step when moving towards enemies.
   Will:      It increases your willpower.
   Stlth:     It makes you more stealthy.
 k - a +8 ring of intelligence
 n - a ring of wizardry (left hand)
 p - a ring of fire (right hand)
 I - a ring of ice
 O - an amulet of magic regeneration
 R - a ring of magical power
Wands
 B - a wand of iceblast (23)
 G - a wand of digging (7)
 J - a wand of quicksilver (7)
 M - a wand of mindburst (12)
Scrolls
 u - a scroll of butterflies
 x - a scroll of blinking
 y - 5 scrolls of immolation
 z - 2 scrolls of enchant weapon
 C - 5 scrolls of teleportation
 D - a scroll of poison
 E - 2 scrolls of magic mapping
 F - 2 scrolls of fog
 Q - a scroll of silence
 U - 2 scrolls of brand weapon
 W - 3 scrolls of vulnerability
 X - 2 scrolls of amnesia
 Y - a scroll of fear
Potions
 b - 2 potions of magic
 c - 7 potions of curing
 f - 3 potions of heal wounds
 g - 2 potions of flight
 h - a potion of might
 l - 5 potions of haste
 m - a potion of lignification {unknown}
 q - 3 potions of resistance
 s - a potion of attraction {unknown}
 t - 2 potions of ambrosia {unknown}
 w - 3 potions of brilliance
 N - 2 potions of invisibility
 P - 3 potions of degeneration {unknown}
 T - a potion of mutation {unknown}
Miscellaneous
 L - a phial of floods
 V - a box of beasts (quivered)
 Z - a phantom mirror


   Skills:
 - Level 11.0 Fighting
 - Level 12.0 Polearms
 - Level 8.0 Armour
 - Level 4.0 Dodging
 - Level 3.0 Stealth
 + Level 3.9 Shields
 - Level 9.0 Spellcasting
 - Level 8.0 Conjurations
 - Level 6.0 Hexes
 + Level 10.3 Summonings
 * Level 7.4 Fire Magic
 - Level 8.0 Ice Magic
 - Level 8.0 Air Magic


You had 5 spell levels left.
You knew the following spells:

 Your Spells              Type           Power      Damage    Failure   Level
a - Freezing Cloud        Conj/Ice/Air   30%        6-21      5%          5
b - Fireball              Conj/Fire      39%        3d16      6%          5
c - Summon Cactus Giant   Summ           35%        N/A       12%         6
e - Call Canine Familiar  Summ           70%        N/A       1%          3
f - Summon Lightning Spi  Summ/Air       66%        N/A       1%          4
g - Summon Mana Viper     Hex/Summ       62%        N/A       4%          5

Your spell library contained the following spells:

 Spells                   Type           Power      Damage    Failure   Level
 Freeze                   Ice            100%       1d10      1%          1
 Ensorcelled Hibernation  Hex/Ice        100%       N/A       1%          2
 Scorch                   Fire           100%       2d9       1%          2
 Searing Ray              Conj           100%       2d8       1%          2
 Static Discharge         Conj/Air       100%       2-7/arc   1%          2
 Frozen Ramparts          Ice            100%       1d16      1%          3
 Inner Flame              Hex/Fire       73%        N/A       1%          3
 Ozocubu's Armour         Ice            61%        N/A       1%          3
 Summon Guardian Golem    Hex/Summ       62%        N/A       1%          3
 Swiftness                Air            61%        N/A       1%          3
 Tukima's Dance           Hex            53%        N/A       1%          3
 Flame Wave               Conj/Fire      78%        2d17      1%          4
 Summon Ice Beast         Ice/Summ       66%        N/A       1%          4
 Cigotuvi's Dreadful Rot  Necr/Pois/Air  64%        N/A       2%          2
 Fulminant Prism          Conj/Hex       28%        3d14      2%          4
 Volatile Blastmotes      Fire/Tloc      100%       2d18      3%          3
 Sandblast                Erth           28%        2d8       4%          1
 Portal Projectile        Hex/Tloc       68%        N/A       4%          3
 Ignite Poison            Fire/Tmut/Pois 46%        N/A       6%          3
 Passwall                 Tmut/Erth      11%        N/A       8%          2
 Iskenderun's Mystic Bla  Conj/Tloc      41%        2d9       10%         4
 Leda's Liquefaction      Hex/Erth       17%        N/A       14%         4
 Animate Dead             Necr           14%        N/A       43%         4
 Manifold Assault         Tloc           14%        N/A       43%         4
 Olgreb's Toxic Radiance  Pois           14%        N/A       43%         4
 Blade Hands              Tmut           7%         N/A       77%         5
 Borgnjor's Vile Clutch   Necr/Erth      7%         N/A       77%         5
 Lee's Rapid Deconstruct  Erth           7%         3d6*      77%         5
 Spellforged Servitor     Conj/Summ      33%        N/A       65%         7
 Orb of Destruction       Conj           31%        9d10      80%         7
 Death Channel            Necr           7%         N/A       99%         6
 Dispersal                Tloc           7%         N/A       99%         6
 Statue Form              Tmut/Erth      9%         N/A       99%         6
 Discord                  Hex            26%        N/A       100%        8
 Disjunction              Tloc           7%         N/A       100%        8
 Ignition                 Fire           38%        3d11      100%        8
 Lehudib's Crystal Spear  Conj/Erth      20%        10d6      100%        8
 Chain Lightning          Conj/Air       30%        3d40      100%        9
 Fire Storm               Conj/Fire      39%        8d10      100%        9


Dungeon Overview and Level Annotations

Branches:
Dungeon (15/15)            Temple (0/1) D:6            Lair (5/5) D:9
 Shoals (0/4) Lair:3       Spider (3/4) Lair:2        Slime (0/5) Lair:4
    Orc (2/2) D:11            Elf (0/3) Orc:2        Vaults (0/5) D:13
 Depths (0/4) D:15        Gauntlet (visited)

Shops:
D:3 (   D:4 (   D:5 (   D:6 !   D:7 :?(   D:9 :   D:13 =   D:14 (?   Orc:2 [*[?

Portals:
Trove: D:13 (give 13 potions of heal wounds)


Innate Abilities, Weirdness & Mutations

You have an increased reservoir of magic. (+10% MP)
You shall have no god before yourself.
Your divine heritage dramatically boosts your attributes as you level up.


Message History

Okay, then.
As you read the scroll of fear, it crumbles to dust.
You assume a fearsome visage.
The jorogumo resists with some effort.
The jumping spider looks frightened!
The steelbarb worm looks frightened!
The tarantella looks frightened!
The demonic crawler looks frightened!
The pharaoh ant is unaffected.
You feel yourself speed up.
You feel very sick.
The pharaoh ant bites you but does no damage.
The jumping spider leaps!
Your mana viper bites the steelbarb worm!
Your warg bites the steelbarb worm but does no damage.
The pharaoh ant barely misses you. You block the jorogumo's attack.
Your mana viper bites the steelbarb worm.
Your mana viper's attack snaps the steelbarb worm out of its fear.
The steelbarb worm closely misses your mana viper.
Your warg bites the steelbarb worm.
The steelbarb worm dies!
You block the pharaoh ant's attack.
An orb spider comes into view.
You feel very sick. The jorogumo hits you!
* * * LOW HITPOINT WARNING * * *
You are more poisoned.
You suddenly lose the ability to move!
The jorogumo hits you!
* * * LOW HITPOINT WARNING * * *
You feel yourself slow down.
* * * LOW HITPOINT WARNING * * *
You feel extremely sick.
Your mana viper is no longer moving slowly.
The pharaoh ant bites you.
* * * LOW HITPOINT WARNING * * *
The orb spider bites your mana viper. The jorogumo casts a spell at you.
The bolt of negative energy hits you but does no damage.
You resist.
* * * LOW HITPOINT WARNING * * *
You feel extremely sick. The pharaoh ant bites you!
You die...

#......##...# ##.##
#..........## #...#
#............# ##...# .
#...........####....## ..
#.####...##.#........# ..w
#..#.#....###........#
....
..........#^......s^#.....
#.......<.#....h.Ss.......
##.....†.†.@B......#......
....###..^..H......#......
.... ######.......# .....
... ###....## .... ..
#.^..... .w.. ##....... #
##.s..... #....##. ......


You could see a jorogumo, a demonic crawler (fleeing), an orb spider, a pharaoh
ant, a jumping spider (distracted), a friendly mana viper (summoned, slow) and a
friendly warg (summoned, slow).

Vanquished Creatures
  Jorgrun (D:14)
  Agnes (D:14)
  2 ghost moths (Spider:2)
  An orc warlord (Orc:2)
  Nessos (D:14)
  Snorg (D:10)
  An ettin (D:15)
  The ghost of coolio the Destroyer, a journeyman DsCj of Vehumet (Lair:4)
  2 entropy weavers
  A vault guard (D:13)
  4 centaur warriors
  3 hydras
  A two-headed ogre (D:10)
  A radroach (Spider:3)
  2 catoblepae
  2 boulder beetles
  A tengu warrior (D:15)
  10 death yaks
  4 orc high priests (Orc:2)
  Sonja (Lair:3)
  Nergalle (Lair:2)
  3 skysharks
  A fire crab (Lair:4)
  A pharaoh ant (Spider:1)
  A deep troll (D:15)
  4 orb spiders (Spider:2)
  A sun moth (Spider:2)
  An obsidian statue (D:15)
  2 orange crystal statues
  2 wizards
  6 orc knights
  3 deep elf pyromancers
  A necromancer (D:15)
  A steelbarb worm (Spider:2)
  6 orc sorcerers
  5 ugly things (D:14)
  4 wolf spiders
  2 manticores
  3 cyclopes
  A moth of wrath (Spider:2)
  18 elephants
  A guardian serpent (Lair:5)
  An ice statue (Gauntlet)
  A torpor snail (Spider:2)
  8 black mambas
  10 cane toads
  A gargoyle (D:9)
  An unseen horror (D:13)
  A yaktaur (shapeshifter) (D:15)
  A rime drake (Lair:4)
  2 kobold demonologists (D:12)
  3 efreet
  4 yaktaurs (D:15)
  9 komodo dragons
  8 trolls
  A guardian mummy (D:13)
  6 meliai
  A polar bear (Lair:2)
  A queen bee (Gauntlet)
  A tarantella (shapeshifter) (D:14)
  4 hornets
  5 blink frogs (Lair:4)
  A snapping turtle (Lair:3)
  11 tarantellas
  4 dream sheep (Lair:5)
  3 jumping spiders
  A shadow (D:9)
  6 culicivoras
  2 slime creatures (D:13)
  3 wraiths
  11 wyverns
  36 yaks
  3 basilisks
  19 redbacks
  Edmund (D:5)
  3 wargs
  A steam dragon (D:5)
  4 vampire mosquitoes
  5 acid dragons
  20 water moccasins
  23 orc warriors
  A sky beast (D:6)
  A black bear (D:7)
  2 ice beasts
  9 wolves
  6 centaurs
  5 ogres
  2 nameless horrors
  3 kobold brigands
  7 bullfrogs
  3 scorpions
  3 killer bees (Gauntlet)
  9 howler monkeys
  3 hounds
  14 orc priests
  2 jellies
  2 gnoll boudas
  Jessica (D:3)
  17 orc wizards
  3 sleepcaps
  2 iguanas
  4 hell rats
  17 gnolls
  3 adders
  3 white imps
  3 dart slugs
  47 orcs
  2 ball pythons
  5 endoplasms
  A giant cockroach (D:1)
  5 goblins
  6 hobgoblins
  2 jackals (D:1)
  5 quokkas
  5 bats
  7 frilled lizards
  17 kobolds
  5 rats
567 creatures vanquished.

Vanquished Creatures (collateral kills)
  Rupert (Lair:3)
  An emperor scorpion (Spider:2)
  A ghost moth (Spider:3)
  A minotaur (Gauntlet)
  A catoblepas (Lair:5)
  Fannar (Lair:2)
  6 boulder beetles
  12 death yaks
  3 skysharks (Lair:4)
  A pharaoh ant (Spider:2)
  An orb spider (Spider:3)
  2 steelbarb worms
  3 deep elf pyromancers (D:12)
  2 orc knights (Orc:2)
  4 wolf spiders
  An orc sorcerer (Orc:2)
  2 ugly things
  2 elephants (Lair:5)
  A cyclops (Orc:2)
  A slime creature (D:13)
  A black mamba (Lair:5)
  2 demonic crawlers (Spider:2)
  2 cane toads
  2 rime drakes
  4 komodo dragons
  A polar bear (Lair:2)
  6 tarantellas
  A hornet (D:8)
  2 shadows
  12 jumping spiders
  A culicivora (Spider:1)
  7 yaks
  3 wyverns
  11 redbacks
  3 vampire mosquitoes
  A basilisk (Lair:1)
  4 water moccasins
  3 orc warriors
  2 black bears
  7 wolves (Lair:2)
  A centaur (D:9)
  2 kobold brigands
  4 bullfrogs
  2 scorpions
  3 killer bees (Gauntlet)
  2 hounds (D:7)
  A gnoll bouda (D:6)
  3 orc priests
  6 orc wizards
  A hell rat (Lair:5)
  A nameless horror (Lair:2)
  A gnoll (D:6)
  17 orcs
  4 kobolds
170 creatures vanquished.

Vanquished Creatures (others)
  An orc priest (Orc:2)
1 creature vanquished.

Grand Total: 738 creatures vanquished

Notes
Turn   | Place    | Note
-------+----------+-------------------------------------------
     0 | D:1      | wingedge the Demigod Ice Elementalist began the quest for
                  | the Orb.
     0 | D:1      | Reached XP level 1. HP: 14/14 MP: 5/5
    98 | D:1      | Reached skill level 1 in Fighting
   229 | D:1      | Reached XP level 2. HP: 23/23 MP: 4/7
  1588 | D:2      | Reached XP level 3. HP: 28/29 MP: 5/8
  1617 | D:2      | Learned a level 3 spell: Frozen Ramparts
  2677 | D:3      | Found Tuyzef's Antique Weapon Emporium.
  2762 | D:3      | Reached XP level 4. HP: 36/36 MP: 5/10
  2827 | D:3      | Noticed Jessica
  2830 | D:3      | Killed Jessica
  3221 | D:4      | Reached XP level 5. HP: 41/41 MP: 12/12
  3225 | D:4      | Learned a level 3 spell: Ozocubu's Armour
  3780 | D:4      | Reached skill level 1 in Summonings
  3913 | D:4      | Identified the +7 spear "Hell-Harrower" {heavy, rElec Will+
                  | Dex+4}
  4072 | D:4      | Reached skill level 5 in Ice Magic
  4128 | D:4      | Found Xamiewun's Antique Weapon Shoppe.
  4420 | D:5      | Entered Level 5 of the Dungeon
  4454 | D:5      | Noticed a steam dragon
  4478 | D:5      | Killed a steam dragon
  4479 | D:5      | Reached skill level 1 in Polearms
  4479 | D:5      | Reached XP level 6. HP: 42/50 MP: 6/13
  4537 | D:5      | Noticed Edmund
  4545 | D:5      | Killed Edmund
  4546 | D:5      | Reached skill level 2 in Polearms
  4745 | D:5      | Found Biwo Ati's Antique Weapon Emporium.
  4982 | D:5      | Reached skill level 3 in Polearms
  5041 | D:5      | Reached XP level 7. HP: 57/57 MP: 14/14
  5126 | D:5      | Identified a scroll of acquirement
  5127 | D:5      | Acquired the amulet "Nosanez" {Rampage Will+ Regen+ Stlth+}
  5642 | D:6      | Reached skill level 4 in Polearms
  5663 | D:6      | Reached skill level 5 in Polearms
  5746 | D:6      | Learned a level 4 spell: Summon Ice Beast
  5756 | D:6      | Found a staircase to the Ecumenical Temple.
  6018 | D:6      | Reached XP level 8. HP: 63/63 MP: 15/15
  6540 | D:6      | Found Evvuampo's Distillery.
  6548 | D:6      | Bought a potion of curing for 42 gold pieces
  6548 | D:6      | Bought a potion of heal wounds for 70 gold pieces
  6548 | D:6      | Bought a potion of haste for 140 gold pieces
  6742 | D:7      | Reached skill level 6 in Polearms
  7005 | D:7      | Found Ilegrya's Magic Scroll Emporium.
  7033 | D:7      | Reached XP level 9. HP: 70/72 MP: 5/16
  7240 | D:7      | Found Opododicw's Weapon Boutique.
  7361 | D:7      | Learned a level 3 spell: Call Canine Familiar
  7389 | D:7      | Found Xaosodwu's Book Shop.
  7394 | D:7      | Reached skill level 5 in Summonings
  7644 | D:8      | Reached skill level 5 in Fighting
  7804 | D:8      | Paralysed by a hornet for 2 turns
  7810 | D:8      | Reached skill level 1 in Armour
  8658 | D:8      | Reached skill level 7 in Polearms
  8663 | D:8      | Reached XP level 10. HP: 39/83 MP: 1/19
  8920 | D:9      | Found a staircase to the Lair.
  9136 | D:9      | Noticed a wizard
  9153 | D:9      | Noticed a purple ugly thing
  9166 | D:9      | Killed a wizard
  9293 | D:9      | Killed a purple ugly thing
  9371 | D:9      | Identified the +8 pearl dragon scales of Cairr {rN+ Str+6
                  | Dex-5 Slay-3 Stlth+}
  9545 | D:9      | Reached skill level 8 in Polearms
  9937 | D:9      | Found Xukycsop's Book Shop.
 10052 | D:10     | Entered Level 10 of the Dungeon
 10188 | D:10     | Noticed Snorg
 10201 | D:10     | Noticed a two-headed ogre
 10212 | D:10     | Killed Snorg
 10213 | D:10     | Reached XP level 11. HP: 23/92 MP: 16/20
 10359 | D:10     | Killed a two-headed ogre
 10360 | D:10     | Reached skill level 1 in Conjurations
 10360 | D:10     | Reached skill level 1 in Air Magic
 11120 | Lair:1   | Entered Level 1 of the Lair of Beasts
 11471 | Lair:1   | Noticed a death yak
 11487 | Lair:1   | Noticed a death yak
 11487 | Lair:1   | Noticed a death yak
 11491 | Lair:1   | Noticed a death yak
 11508 | Lair:1   | Noticed a death yak
 11513 | Lair:1   | Killed a death yak
 11514 | Lair:1   | Killed a death yak
 11514 | Lair:1   | Killed a death yak
 12095 | Lair:1   | Killed a death yak
 12100 | Lair:1   | Killed a death yak
 12258 | Lair:2   | Found a hole to the Spider Nest.
 12265 | Lair:2   | Reached skill level 5 in Spellcasting
 12336 | Lair:2   | Noticed Nergalle
 12535 | Lair:2   | Killed Nergalle
 12600 | Lair:2   | Noticed a skyshark
 12639 | Lair:2   | Killed a skyshark
 12640 | Lair:2   | Reached skill level 5 in Armour
 12640 | Lair:2   | Reached XP level 12. HP: 32/101 MP: 13/23
 12644 | Lair:2   | Found a gate leading to a gauntlet.
 12652 | Gauntlet | Entered a Gauntlet
 12652 | Gauntlet | Found a large runed translucent door.
 12652 | Gauntlet | Found a large runed translucent door.
 12652 | Gauntlet | Found a large runed translucent door.
 12652 | Gauntlet | Found a large runed translucent door.
 12652 | Gauntlet | Found a runed translucent door.
 12652 | Gauntlet | Found a large runed translucent door.
 12652 | Gauntlet | Found a large runed translucent door.
 12652 | Gauntlet | Found a transporter.
 12652 | Gauntlet | Found a transporter.
 12652 | Gauntlet | Found a large runed translucent door.
 12652 | Gauntlet | Found a large runed translucent door.
 12652 | Gauntlet | Found a runed translucent gate.
 12652 | Gauntlet | Found a runed translucent gate.
 12652 | Gauntlet | Found a transporter.
 12706 | Gauntlet | Found a transporter.
 12708 | Gauntlet | Found a transporter.
 12724 | Gauntlet | Found a transporter.
 12726 | Gauntlet | Found a transporter.
 12740 | Gauntlet | Found a transporter.
 12750 | Gauntlet | Learned a level 5 spell: Freezing Cloud
 12820 | Gauntlet | Found a runed translucent door.
 12821 | Gauntlet | Found a large runed translucent door.
 12821 | Gauntlet | Found a large runed translucent door.
 12821 | Gauntlet | Found a large runed translucent door.
 12821 | Gauntlet | Found a large runed translucent door.
 12822 | Gauntlet | Found a large runed translucent door.
 12822 | Gauntlet | Found a large runed translucent door.
 12823 | Gauntlet | Found a large runed translucent door.
 12823 | Gauntlet | Found a large runed translucent door.
 12832 | Gauntlet | Found a runed translucent gate.
 12838 | Gauntlet | Found a transporter.
 12856 | Gauntlet | Found a transporter.
 12856 | Gauntlet | Found a transporter.
 12870 | Gauntlet | Found a transporter.
 12947 | Gauntlet | Reached skill level 9 in Polearms
 13182 | Gauntlet | Identified the +2 pair of gloves "Voicorr" {rN++ rCorr}
 13217 | Gauntlet | Noticed a minotaur
 13496 | Gauntlet | Killed a minotaur
 14069 | Lair:2   | Noticed Fannar
 14081 | Lair:2   | Killed Fannar
 14612 | Lair:3   | Noticed a catoblepas
 14630 | Lair:3   | Killed a catoblepas
 14817 | Lair:3   | Noticed Rupert
 15076 | Lair:3   | Killed Rupert
 15590 | Lair:3   | Acquired the Compilation of the Anticline and the Salvo
 15612 | Lair:3   | Found a staircase to the Shoals.
 15632 | Lair:3   | Reached skill level 5 in Air Magic
 15768 | Lair:3   | Noticed Sonja
 15774 | Lair:3   | Killed Sonja
 15775 | Lair:3   | Reached skill level 5 in Conjurations
 16150 | D:9      | Bought the Tome of the Burnt Retinue for 510 gold pieces
 16156 | D:9      | Learned a level 4 spell: Summon Lightning Spire
 16397 | Lair:4   | Reached XP level 13. HP: 100/110 MP: 8/26
 16414 | Lair:4   | Reached skill level 1 in Hexes
 16889 | Lair:4   | Reached skill level 10 in Polearms
 17315 | Lair:4   | Found a staircase to the Slime Pits.
 17600 | Lair:4   | Noticed coolio's ghost (journeyman DsCj)
 17607 | Lair:4   | Found a runed translucent gate.
 17607 | Lair:4   | Found a runed translucent gate.
 17608 | Lair:4   | Found a runed translucent gate.
 18057 | Lair:4   | Killed coolio's ghost
 18182 | Lair:4   | Identified the +1 hat of Gyfaing {rElec rF+ rN+ Int+3}
 18224 | Lair:5   | Entered Level 5 of the Lair of Beasts
 18872 | Lair:5   | Reached XP level 14. HP: 97/119 MP: 13/29
 19058 | Lair:5   | Learned a level 5 spell: Summon Mana Viper
 19477 | Lair:5   | Reached skill level 10 in Fighting
 19929 | Lair:5   | Got the Vademecum on Combustion and Toxicity
 19968 | Lair:5   | Reached skill level 5 in Hexes
 20284 | Lair:5   | Reached skill level 11 in Polearms
 20695 | D:7      | Bought a scroll of amnesia for 44 gold pieces
 21120 | D:11     | Found a staircase to the Orcish Mines.
 21215 | D:11     | Learned a level 5 spell: Fireball
 21920 | Orc:1    | Entered Level 1 of the Orcish Mines
 22208 | Orc:1    | You fall into a shaft and drop 1 floor!
 22208 | Orc:2    | Entered Level 2 of the Orcish Mines
 22571 | Orc:2    | Reached skill level 1 in Fire Magic
 23345 | Orc:2    | Found a staircase to the Elven Halls.
 23349 | Orc:2    | Noticed an orc warlord
 23377 | Orc:2    | Killed an orc warlord
 24077 | Orc:2    | Found Bocoomiav's Magic Scroll Emporium.
 24077 | Orc:2    | Found Wasuig's Antique Armour Emporium.
 24081 | Orc:2    | Found Doef's Antique Armour Shop.
 24116 | Orc:2    | Found Fagralir's General Store.
 24171 | Orc:2    | Bought a scroll of amnesia for 56 gold pieces
 24171 | Orc:2    | Bought a scroll of amnesia for 56 gold pieces
 24181 | Orc:2    | Bought a potion of invisibility for 96 gold pieces
 24281 | D:11     | Learned a level 6 spell: Summon Cactus Giant
 24882 | D:12     | Reached XP level 15. HP: 128/128 MP: 26/32
 25253 | D:13     | Found a portal to a secret trove of treasure.
 25903 | D:13     | Found a gate to the Vaults.
 26009 | D:13     | Found Veqavoigurgh's One-of-a-Kind Rings.
 26018 | D:13     | Bought a +8 ring of intelligence for 715 gold pieces
 26249 | D:14     | Noticed Nessos
 26258 | D:14     | Killed Nessos
 26525 | D:14     | Noticed Jorgrun
 26538 | D:14     | Killed Jorgrun
 26649 | D:14     | Noticed Agnes
 26741 | D:14     | Killed Agnes
 27135 | D:14     | Found Hobiu's Magic Scroll Shop.
 27651 | D:14     | Found Xoasehil's Antique Weapon Shop.
 27841 | D:15     | Entered Level 15 of the Dungeon
 28191 | D:15     | Found a staircase to the Depths.
 28269 | D:15     | Reached skill level 12 in Polearms
 28727 | D:15     | Reached skill level 1 in Shields
 28962 | D:15     | Reached skill level 5 in Fire Magic
 29628 | Spider:1 | Entered Level 1 of the Spider Nest
 30295 | Spider:1 | Identified the +5 chain mail "Hann" {Str-5 Dex+3 Slay+4}
 31455 | Spider:2 | Reached skill level 10 in Summonings
 32068 | Spider:2 | Acquired the +2 helmet of Narcissism {SInv}
 32148 | Spider:2 | Reached XP level 16. HP: 137/137 MP: 2/33
 33223 | Spider:3 | Paralysed by a jorogumo for 3 turns
 33225 | Spider:3 | HP: 5/137 [poisoned by a jorogumo]
 33225 | Spider:3 | Slain by a pharaoh ant

Illustrated notes

Levels and vault maps discovered:
D:1:      mrwooster_arrival_statue_3, layout_basic, palyth_stone_intersect
D:2:      layout_loops_ring
D:3:      layout_basic, minmay_overflow_temple_star_quad, serial_shops, shop,
          kennysheep_minor_cross, uniq_jessica
D:4:      nicolae_BIG_FREAKIN_CUBE, layout_loops_corners, serial_shops,
          kennysheep_little_box
D:5:      layout_basic, serial_shops, nicolae_stop_n_shop_1, uniq_edmund
D:6:      layout_basic, minmay_temple_entry_overgrown, serial_shops, shop,
          hangedman_decor_peaks_small, nicolae_underground_beach
D:7:      layout_rooms, nzn_wu_jian_council_hall, serial_shops,
          nicolae_shop_statue_plus, nicolae_book_shop_shelving, shop_fountains
D:8:      layout_rooms
D:9:      layout_long_grid, due_lair_maze_entry_diamond, serial_shops, shop,
          minmay_radiant
D:10:     layout_cave_pods, uniq_snorg
D:11:     layout_cave_pods, orc_0_dummy, tso_metal_star
D:12:     layout_long_grid, nicolae_vehumet_altar_sigil
D:13:     layout_rooms, david_vaults_5, nicolae_trove_entry_path_of_doom,
          hangedman_decor_slide_cut, nicolae_shop_unique_rings
D:14:     layout_basic, kennysheep_big_empty_room, serial_shops, shop, shop,
          minmay_protected_statue, uniq_nessos, uniq_agnes, uniq_jorgrun
D:15:     hangedman_depths_entry_civil_slaughter, layout_loops_ring,
          minivault_16
Lair:1:   layout_chaotic_city
Lair:2:   layout_cave_pods, dummy_spider_entry, gauntlet_entry_generic,
          serial_bayou_pond_d, grunt_megastairs_2, serial_bayou_shore_a,
          uniq_nergalle, uniq_fannar
Lair:3:   layout_loops_ring, minmay_shoals_entry_hut, grunt_megastairs_1,
          infiniplex_staircase_pool_2, lemuel_fruit_fields, uniq_rupert,
          uniq_sonja
Lair:4:   nzn_winding_woodlands_three_and_one [nzn_winding_woodlands_5x15_pool,
          nzn_winding_woodlands_5x15_parted,
          nzn_winding_woodlands_5x15_concentric,
          nzn_winding_woodlands_center_garden], layout_cave_pods, slime_entry_1,
          gammafunk_ghost_split
Lair:5:   hangedman_lair_tendril_chambers, layout_regular_city
Spider:1: layout_spider_delve
Spider:2: layout_spider_delve, nicolae_spider_shape
Spider:3: nicolae_spider_hilbert_zone_5 [nicolae_spider_hilbert_3_sides_1_open,
          nicolae_spider_hilbert_4_sides_1_open,
          nicolae_spider_hilbert_4_sides_1_open,
          nicolae_spider_hilbert_6_sides_1_open,
          nicolae_spider_hilbert_6_sides_1_open], nicolae_crawler_farm
Orc:1:    layout_caves
Orc:2:    st_orc_elflike, layout_caves

Skill      XL: |  1  2  3  4  5  6  7  8  9 10 11 12 13 14 15 16 |
---------------+-------------------------------------------------+-----
Fighting       | 1 2 3 4 5 7 8 9 10 11 | 11.0
Stealth        | 2 3 |  3.0
Dodging        | 2 4 |  4.0
Spellcasting   | 2 3 4 5 6 7 8 9 |  9.0
Ice Magic      | 4 5 6 7 8 |  8.0
Summonings     | 1 2 3 4 5 7 8 10 | 10.3
Polearms       | 1 3 5 6 7 8 9 10 11 12 | 12.0
Armour         | 2 3 5 6 7 8 |  8.0
Conjurations   | 3 5 6 7 8 |  8.0
Air Magic      | 3 5 6 7 8 |  8.0
Hexes          | 4 5 6 |  6.0
Fire Magic     | 2 6 7 |  7.4
Shields        | 3 |  3.9

Action                     |  1- 3 |  4- 6 |  7- 9 | 10-12 | 13-15 | 16-18 || total
---------------------------+-------+-------+-------+-------+-------+-------++-------
  Melee: War axe           |     1 |       |       |       |       |       ||     1
         Short sword       |     1 |    23 |       |       |       |       ||    24
         Spear             |       |    26 |   189 |   407 |   792 |    47 ||  1461
         Punch             |       |     1 |     3 |     7 |    11 |       ||    22
  Throw: Dart              |       |       |       |       |     2 |       ||     2
   Cast: Freeze            |    62 |     8 |     4 |     1 |       |       ||    75
         Frozen Ramparts   |     4 |    12 |    16 |    16 |       |       ||    48
         Ozocubu's Armour  |       |     4 |    26 |    37 |    19 |       ||    86
         Summon Ice Beast  |       |       |    26 |    45 |     6 |       ||    77
         Call Canine Famil |       |       |    11 |    41 |    28 |     5 ||    85
         Freezing Cloud    |       |       |       |    18 |   170 |     4 ||   192
         Summon Lightning  |       |       |       |     4 |    46 |     1 ||    51
         Summon Mana Viper |       |       |       |       |    34 |    10 ||    44
         Fireball          |       |       |       |       |    26 |     4 ||    30
         Summon Cactus Gia |       |       |       |       |    17 |     3 ||    20
  Evoke: Wand              |       |       |       |     3 |     4 |       ||     7
    Use: Scroll            |       |       |     5 |    13 |    17 |     1 ||    36
         Potion            |       |       |     1 |     4 |     5 |     1 ||    11
   Stab: Sleeping          |     1 |     1 |     4 |     3 |     2 |       ||    11
         Distracted        |       |     1 |     1 |    12 |    17 |     1 ||    32
 Armour: Robe              |     2 |    10 |     2 |       |       |       ||    14
         Leather armour    |     8 |       |    55 |       |       |       ||    63
         Ring mail         |       |       |    64 |    22 |       |       ||    86
         Pearl dragon scal |       |       |       |   275 |   462 |    40 ||   777
  Dodge: Dodged            |    17 |    21 |   170 |   456 |   565 |    29 ||  1258
         Repelled          |       |     1 |     2 |     3 |     3 |       ||     9
  Block: Buckler           |       |       |       |       |    57 |    28 ||    85
